 Dungeon Crawl Stone Soup version 0.27-a0-1149-g4505690ab0 (webtiles) character file.

Game seed: 1482137826145548157

56 kae the Skirmisher (level 3, -11/27 (29) HPs)
             Began as a Demonspawn Fighter on May 12, 2021.
             Killed by divine providence
             ... invoked by an orc priest
              (16 damage)
             ... on level 3 of the Dungeon.
             The game lasted 00:01:09 (2208 turns).

kae the Skirmisher (Demonspawn Fighter)             Turns: 2208, Time: 00:01:10

HP:   -11/27 (29)   AC:  8    Str: 17    XL:     3   Next: 71%
MP:   3/3           EV:  6    Int:  9    God:
Gold: 103           SH: 12    Dex: 12    Spells: 2/2 levels left

rFire    . . .     SeeInvis .   a - +0 long sword
rCold    . . .     Faith    .   c - +0 kite shield
rNeg     . . .     Spirit   .   b - +0 scale mail
rPois    .         Reflect  .   (no helmet)
rElec    .         Harm     .   (no cloak)
rCorr    .         Rampage  .   (no gloves)
Will     .....                  (no boots)
Stlth    ..........             (no amulet)
HPRegen  0.09/turn              (no ring)
MPRegen  0.08/turn              (no ring)

@: drained
A: slimy green scales 1, condensation shield
a: no special abilities


You were on level 3 of the Dungeon.
You visited 1 branch of the dungeon, and saw 3 of its levels.

You collected 103 gold pieces.

Inventory:

Hand Weapons
 a - a +0 long sword (weapon)
Armour
 b - a +0 scale mail (worn)
 c - a +0 kite shield (worn)
Jewellery
 f - an amulet of magic regeneration
Scrolls
 k - a scroll of enchant armour {unknown}
 l - a scroll of fog
Potions
 d - a potion of might
 e - a potion of lignification {unknown}
 g - a potion of heal wounds
 h - a potion of curing {unknown}
 i - a potion of invisibility {unknown}
 j - a potion of brilliance {unknown}


   Skills:
 + Level 3.6 Fighting
 * Level 3.2 Long Blades
 - Level 2.6 Armour
 - Level 2.6 Shields


You had 2 spell levels left.
You didn't know any spells.
Your spell library contained the following spells:

 Spells                   Type           Power      Damage    Failure   Level
 Animate Skeleton         Necr           0%         N/A       100%        1
 Foxfire                  Conj/Fire      0%         2x1d4     100%        1
 Pain                     Necr           0%         1d4       100%        1
 Conjure Flame            Conj/Fire      0%         6-21      100%        3
 Inner Flame              Hex/Fire       0%         N/A       100%        3
 Vampiric Draining        Necr           0%         2d6       100%        3
 Animate Dead             Necr           0%         N/A       100%        4
 Sticky Flame             Conj/Fire      0%         2d3       100%        4
 Agony                    Necr           0%         N/A       100%        5
 Fireball                 Conj/Fire      0%         3d3       100%        5


Dungeon Overview and Level Annotations

Branches:
Dungeon (3/15)

Altars:


Innate Abilities, Weirdness & Mutations

You are partially covered in slimy green scales. (AC +2)
A meltable shield of frost defends you. (SH +4)


Message History

No target in view!
You see here 19 stones.
There is a stone staircase leading down here.
An orc priest comes into view. It is wielding a +0 short sword.
An orc priest is nearby!
An orc comes into view. It is wielding a +0 flail.
The orc shouts!
The orc priest barely misses you.
You barely miss the orc priest.
The orc priest looks encouraged for a moment.
There are monsters nearby!
You hit the orc priest.
The orc priest is lightly wounded.
The orc priest looks braver for a moment.
The orc priest hits you but does no damage.
An orc priest comes into view. It is wielding a +0 hand axe.
The orc priest shouts!
You hit the orc priest.
The orc priest is lightly wounded.
The orc priest looks braver for a moment.
The orc priest hits you but does no damage.
An orc priest comes into view. It is wielding a +0 trident.
The orc priest shouts!
You hit the orc priest.
The orc priest is lightly wounded.
The orc priest calls upon Beogh to heal the orc priest.
The orc priest's wounds heal themselves!
You closely miss the orc. You block the orc's attack.
You slash the orc!
You kill the orc!
The orc priest invokes the aid of Beogh against you.
Beogh smites you!
The orc priest mumbles some strange prayers to Beogh against you.
Beogh smites you!
Ouch! That really hurt!
* * * LOW HITPOINT WARNING * * *
The orc priest invokes the aid of Beogh against you.
Beogh smites you!
Ouch! That really hurt!
You die...

.####..# .......^ ..#
.####### #.# .# #o# ##
... #o# #o# #.# #)# ####
#.#.##@# ...#
#.#.##.#####.# ##.#
#####.#.##........ #.#
#...#.#.##.#####.# #.#
#.#.#.#.##>#
##.####.#.#.#.##.#
).......#...>....#####
#...#######............#
##...## ###(##.#######


You could see 3 orc priests.

Vanquished Creatures
  An adder (D:3)
  An orc (D:3)
  A bat (D:1)
  An endoplasm (D:3)
  2 giant cockroaches (D:1)
  14 goblins
  A hobgoblin (D:2)
  6 jackals (D:1)
  A quokka (D:3)
  2 ball pythons (D:1)
  6 frilled lizards
  5 kobolds
  4 rats
45 creatures vanquished.

Notes
Turn   | Place    | Note
-------+----------+-------------------------------------------
     0 | D:1      | kae the Demonspawn Fighter began the quest for the Orb.
     0 | D:1      | Reached XP level 1. HP: 18/18 MP: 1/1
    93 | D:1      | Gained mutation: A meltable shield of frost defends you.
                  | (SH +4) [demonic ancestry]
    93 | D:1      | Reached XP level 2. HP: 24/24 MP: 2/2
   625 | D:1      | Gained mutation: You are partially covered in slimy green
                  | scales. (AC +2) [demonic ancestry]
   625 | D:1      | Reached XP level 3. HP: 24/24 MP: 3/3
  1579 | D:3      | Found a faded altar of an unknown god.
  2208 | D:3      | Killed from afar by an orc priest

Illustrated notes

Levels and vault maps discovered:
D:1:      tarquinn_simple_flora_water_f, layout_rooms
D:2:      layout_basic, hangedman_glass_teeth
D:3:      layout_loops_ring, basic_ecumenical_altar, uniq_jessica

Skill      XL: |  1  2  3 |
---------------+----------+-----
Long Blades    | 2 3 |  3.2
Fighting       | |  3.6
Armour         | |  2.6
Shields        | |  2.6

Action                   || total
-------------------------++-------
Melee: Long sword        ||   137
  Use: Scroll            ||     5
Armor: Scale mail        ||    60
Dodge: Dodged            ||    38
Block: Kite shield       ||   108
       Rpst.: Long sword ||    10

Table legend: (Time is in decaauts)
 A = Elapsed time spent in this place.
 B = Non-inter-level travel time spent in this place.
 C = Inter-level travel time spent in this place.
 D = Time resting spent in this place.
 E = Time spent auto-exploring this place.
 F = Levels seen in this place.
 G = Mean time per level.
                   A        B        C        D        E       F      G
               +--------+--------+--------+--------+--------+-----+--------+
         Total |   2277 |   2188 |     89 |    151 |   1689 |   3 |  759.0 |
       Dungeon |   2277 |   2188 |     89 |    151 |   1689 |   3 |  759.0 |
               +--------+--------+--------+--------+--------+-----+--------+

Top non-repeatable levels by time:
     D:1: 797 daAuts
     D:2: 789 daAuts
     D:3: 689 daAuts
